 Dungeon Crawl Stone Soup version 0.25-a0-589-g1e14c549ee (webtiles) character file.

Game seed: 3733943731726827685, levelgen mode: deterministic

210 Esekla the Ducker (level 5, -1/25 HPs)
             Began as a Spriggan Artificer on Mar 10, 2020.
             Slain by a phantom (4 damage)
             ... on level 4 of the Dungeon.
             The game lasted 00:19:03 (4903 turns).

Esekla the Ducker (Spriggan Artificer)              Turns: 4903, Time: 00:19:04

Health: -1/25      AC:  2    Str:  8    XL:     5   Next: 56%
Magic:  9/9        EV: 21    Int: 14    God:
Gold:   219        SH:  0    Dex: 16    Spells: 4/4 levels left

rFire    . . .     SeeInvis +   a - +0 short sword
rCold    . . .     Gourm    .   (shield restricted)
rNeg     . . .     Faith    .   b - +0 robe
rPois    .         Spirit   .   (helmet restricted)
rElec    .         Reflect  .   (no cloak)
rCorr    .         Harm     .   (gloves unavailable)
MR       .....     Rnd*Tele +   (boots unavailable)
Stlth    ++........             (no amulet)
HPRegen  0.08/turn              u - ring of teleportation (curse)
MPRegen  0.11/turn              (no ring)

@: very quick
A: very small, unfitting armour, see invisible, herbivore, speed 3, slow
metabolism 2
a: no special abilities


You were on level 4 of the Dungeon.
You were not hungry.

You visited 1 branch of the dungeon, and saw 4 of its levels.

You collected 219 gold pieces.

Inventory:

Hand Weapons
 a - a +0 short sword (weapon)
 r - a +1 trident of flaming
Missiles
 k - 8 poisoned darts (quivered)
Armour
 b - a +0 robe (worn)
 t - a +0 leather armour
Jewellery
 u - a cursed ring of teleportation (left hand)
Wands
 c - a wand of flame (15)
 d - a wand of enslavement (15)
 e - a wand of random effects (15)
Scrolls
 h - 6 scrolls of identify
 l - a scroll of teleportation
 m - a scroll of magic mapping {unknown}
 n - a scroll of enchant armour {unknown}
 o - a scroll of enchant weapon {unknown}
 q - a scroll of amnesia {unknown}
 s - a scroll of remove curse {unknown}
Potions
 g - a potion of curing
 i - a potion of invisibility
 j - 2 potions of brilliance
 p - a potion of lignification {unknown}
Comestibles
 f - 8 rations


   Skills:
 - Level 0.7 Fighting
 * Level 4.5 Short Blades
 + Level 0.5 Throwing
 * Level 5.3 Dodging
 + Level 3.1 Stealth
 - Level 4.0 Evocations


You had 4 spell levels left.
You didn't know any spells.
Your spell library was empty.

Dungeon Overview and Level Annotations

Branches:
Dungeon (4/15)
 Temple: D:4-7

Altars:


Innate Abilities, Weirdness & Mutations

You are very small and have problems with some larger weapons.
You are too small for most types of armour.
You have supernaturally acute eyesight. (SInv)
You are a herbivore.
You cover ground extremely quickly.
You need to consume almost no food.


Message History

The phantom hits you.
* * * LOW HITPOINT WARNING * * *
You hit the phantom.
The phantom is heavily damaged.
The phantom closely misses you.
You hit the phantom.
The phantom is heavily damaged.
The phantom barely misses you.
You hit the phantom but do no damage.
The phantom is heavily damaged.
You hit the phantom.
The phantom is heavily damaged.
The phantom misses you.
You hit the phantom.
The phantom is heavily damaged.
The phantom closely misses you.
You hit the phantom.
The phantom is heavily damaged.
The phantom hits you.
You die...

..#. ..#.
#..###
#....#
#....# ###
#.#..# #.#
#....# #.#
.<...# #.#
##...# #@#
.....# #W#
###.## #.#
.....# #.#
##.#.# ..
#.# #.#.###
#.. #.#
##.#...# ...
#.#
...#...###.#
#.#
####.....#..
#.###


You could see a phantom.

Vanquished Creatures
  Terence (D:2)
  A worker ant (D:3)
  4 gnolls (D:3)
  4 adders
  An ooze (D:2)
  A worm (D:2)
  6 dart slugs
  A leopard gecko (D:1)
  3 orcs
  A ball python (D:2)
  6 bats
  3 giant cockroaches
  7 goblins
  6 hobgoblins
  3 jackals (D:1)
  A quokka (D:3)
  6 frilled lizards
  10 kobolds
  8 rats
73 creatures vanquished.

Notes
Turn   | Place    | Note
-------+----------+-------------------------------------------
     0 | D:1      | Esekla the Spriggan Artificer began the quest for the Orb.
     0 | D:1      | Reached XP level 1. HP: 9/9 MP: 4/4
   457 | D:2      | Reached XP level 2. HP: 14/14 MP: 6/6
   583 | D:2      | Reached skill level 4 in Dodging
   959 | D:2      | Noticed Terence
  1005 | D:2      | Killed Terence
  1005 | D:2      | Reached XP level 3. HP: 4/17 MP: 7/7
  1815 | D:1      | Reached XP level 4. HP: 21/21 MP: 8/8
  3019 | D:3      | Reached skill level 5 in Dodging
  3044 | D:3      | Reached XP level 5. HP: 7/25 MP: 9/9
  4856 | D:4      | Noticed a phantom
  4903 | D:4      | Slain by a phantom

Levels and vault maps discovered:
D:1:      co_arrival_random_square_maze, layout_basic,
          wad_floor_pattern_untrapped
D:2:      layout_loops_corners, chequers_jeans, uniq_terence
D:3:      layout_basic
D:4:      layout_basic, first_ration, serial_park_tiny_2, uniq_natasha,
          uniq_crazy_yiuf_cottage

Skill      XL: |  1  2  3  4  5 |
---------------+----------------+-----
Dodging        | 4 5 |  5.3
Short Blades   | 2 3 4 |  4.5
Stealth        | 2 3 |  3.1
Fighting       | |  0.7
Throwing       | |  0.5
Evocations     | |  4.0

Action                   |  1- 3 |  4- 6 || total
-------------------------+-------+-------++-------
Melee: Short sword       |   128 |   272 ||   400
Throw: Dart              |     9 |     9 ||    18
  Use: Potion            |       |     1 ||     1
       Scroll            |       |     3 ||     3
 Stab: Sleeping          |     4 |     7 ||    11
  Eat: Ration            |       |     1 ||     1
Armor: Robe              |     9 |     6 ||    15
Dodge: Dodged            |    79 |   207 ||   286

Table legend:
 A = Non-vault XP
 B = Vault XP
 C = Vault XP percentage of total XP
 D = Non-vault monster count
 E = Vault monster count
 F = Vault count percentage of total count
                 A         B        C        D         E       F
            +---------+---------+-------+---------+---------+-------
      Total |     262 |      38 |  12.7 |      72 |       1 |   1.4
            +---------+---------+-------+---------+---------+-------
        D:1 |      47 |       0 |   0.0 |      25 |       0 |   0.0
        D:2 |      78 |      38 |  32.8 |      27 |       1 |   3.6
        D:3 |     134 |       0 |   0.0 |      19 |       0 |   0.0
        D:4 |       3 |       0 |   0.0 |       1 |       0 |   0.0
            +---------+---------+-------+---------+---------+-------
